 Dungeon Crawl Stone Soup version 0.30.1-11-g7821555f0a (webtiles) character file.

Game seed: 9531682020013707319

195537 diecastcamel the Crack Shot (level 19, -32/132 HPs)
             Began as a Kobold Hunter on Dec 1, 2023.
             Was the Champion of Fedhas.
             Killed from afar by a salamander tyrant (43 damage)
             ... on level 4 of the Snake Pit on Dec 14, 2023.
             The game lasted 02:21:26 (38351 turns).

diecastcamel the Crack Shot (Kobold Hunter)        Turns: 38351, Time: 02:21:26

Health: -32/132    AC: 19    Str: 11    XL:     19   Next: 50%
Magic:  20/28      EV: 33    Int: 25    God:    Fedhas [******]
Gold:   1746       SH:  5    Dex: 23    Spells: 18/18 levels left

rFire   + . .        E - +2 arbalest "Hinwusab" {elec, Int+7}
rCold   . . .        (shield currently unavailable)
rNeg    . . .        U - +7 toga "Victory" {*Victory Int+7 Slay+7 Clar}
rPois   +            t - +1 helmet
rElec   .            w - +0 cloak
rCorr   .            W - +2 pair of gloves
SInv    .            n - +2 pair of boots
Will    +....        z - amulet of reflection
Stlth   ++++++       Z - ring of protection from fire
HPRegen 0.42/turn    T - ring of poison resistance
MPRegen 0.21/turn

%: reflection, clarity
@: weakened
A: small, no large weapons, nightstalker 3
a: Renounce Religion, Wall of Briars, Grow Ballistomycete, Overgrow, Grow Oklob


You were on level 4 of the Snake Pit.
You worshipped Fedhas.
Fedhas was exalted by your worship.
You visited 6 branches of the dungeon, and saw 30 of its levels.
You also visited: Ice Cave.

You collected 2989 gold pieces.
You spent 1243 gold pieces at shops.

Inventory:

Hand Weapons
 g - a +2 dagger of protection
 E - the +2 arbalest "Hinwusab" (weapon) {elec, Int+7}
   (You found it on level 9 of the Dungeon)

   Int:       It affects your intelligence (+7).
Armour
 n - a +2 pair of boots (worn)
 t - a +1 helmet (worn)
 w - a +0 cloak (worn)
 D - the +1 leather armour of Spite {rF+ Str+6 Dex+3}
   (You found it on level 3 of the Snake Pit)

   Str:       It affects your strength (+6).
   Dex:       It affects your dexterity (+3).
   rF:        It protects you from fire.
 I - a +2 ring mail of willpower
 U - the +7 toga "Victory" (worn) {*Victory Int+7 Slay+7 Clar}
   (You found it on level 12 of the Dungeon)

   *Victory:  When the wearer kills a threatening monster, it has a chance to
   gain +1 AC, +1 Slay, and +1 Int, capping at +7.
   When the wearer uses a scroll or a potion with a hostile monster in sight,
   its bonuses reset to +0.
   Unequipping it also resets its bonuses to +0.
   Int:       It affects your intelligence (+7).
   Slay:      It affects your accuracy & damage with ranged weapons and melee
   (+7).
   Clar:      It protects you from confusion, rage, mesmerisation and fear.
 V - a +1 robe of resistance
 W - a +2 pair of gloves (worn)
Jewellery
 k - a ring of flight
 z - an amulet of reflection (around neck)
 K - the ring of the Failed Coup {rElec rC+ SInv}
   (You took it off a spriggan on level 5 of the Lair of Beasts)

   [ring of see invisible]

   rC:        It protects you from cold.
   rElec:     It insulates you from electricity.
   SInv:      It lets you see invisible.
 N - an amulet of guardian spirit
 T - a ring of poison resistance (right hand)
 Z - a ring of protection from fire (left hand)
Wands
 i - a wand of polymorph (5)
 y - a wand of roots (20)
 A - a wand of paralysis (20)
 C - a wand of digging (1)
 F - a wand of flame (11)
 O - a wand of quicksilver (13)
 S - a wand of mindburst (17)
Scrolls
 b - 4 scrolls of immolation
 d - 2 scrolls of silence
 f - 5 scrolls of vulnerability
 j - 3 scrolls of magic mapping
 p - 4 scrolls of summoning
 r - 5 scrolls of fog
 v - 16 scrolls of teleportation
 H - 3 scrolls of fear
 L - 5 scrolls of enchant weapon
 P - 4 scrolls of blinking
 X - a scroll of torment
Potions
 a - 2 potions of invisibility
 c - 16 potions of heal wounds
 h - 3 potions of ambrosia
 l - a potion of might {unknown}
 m - a potion of magic
 o - 9 potions of curing
 q - 7 potions of mutation
 s - 4 potions of resistance
 u - 8 potions of flight
 x - 3 potions of attraction
 B - 6 potions of haste
 G - 4 potions of lignification
 J - 2 potions of cancellation
 R - 2 potions of berserk rage {unknown}
Miscellaneous
 M - a phantom mirror
 Y - a phial of floods


   Skills:
 + Level 18.9 Fighting
 + Level 23.7 Ranged Weapons
 - Level 6.2 Armour
 + Level 19.3 Dodging
 - Level 10.0 Stealth
 - Level 13.0 Invocations


You had 18 spell levels left.
You didn't know any spells.
Your spell library contained the following spells:

 Spells                   Type           Power      Damage    Failure   Level
 Beastly Appendage        Tmut           0%         N/A       14%         1
 Freeze                   Ice            0%         1d3       14%         1
 Kiss of Death            Conj/Necr      0%         2d5       14%         1
 Magic Dart               Conj           0%         1d3       14%         1
 Shock                    Conj/Air       0%         1d3       14%         1
 Slow                     Hex            0%         N/A       14%         1
 Summon Small Mammal      Summ           0%         N/A       14%         1
 Call Imp                 Summ           0%         N/A       21%         2
 Cigotuvi's Dreadful Rot  Necr/Pois/Air  0%         N/A       21%         2
 Lesser Beckoning         Tloc           0%         N/A       21%         2
 Call Canine Familiar     Summ           0%         N/A       38%         3
 Confusing Touch          Hex            0%         N/A       38%         3
 Dazzling Flash           Conj/Hex       0%         N/A       38%         3
 Frozen Ramparts          Ice            0%         1d1       38%         3
 Hailstorm                Conj/Ice       0%         3d3       38%         3
 Ignite Poison            Fire/Tmut/Pois 0%         N/A       38%         3
 Mephitic Cloud           Conj/Pois/Air  0%         N/A       38%         3
 Ozocubu's Armour         Ice            0%         N/A       38%         3
 Portal Projectile        Hex/Tloc       0%         N/A       38%         3
 Summon Guardian Golem    Hex/Summ       0%         N/A       38%         3
 Animate Armour           Summ/Erth      0%         N/A       80%         4
 Dispel Undead            Necr           0%         3d6       80%         4
 Ice Form                 Ice/Tmut       0%         N/A       80%         4
 Iskenderun's Mystic Bla  Conj/Tloc      0%         2d3       80%         4
 Leda's Liquefaction      Hex/Erth       0%         N/A       80%         4
 Manifold Assault         Tloc           0%         N/A       80%         4
 Sticky Flame             Conj/Fire      0%         2d3       80%         4
 Agony                    Necr           0%         N/A       98%         5
 Blade Hands              Tmut           0%         N/A       98%         5
 Freezing Cloud           Conj/Ice/Air   0%         6-21      98%         5
 Metabolic Englaciation   Hex/Ice        0%         N/A       98%         5
 Silence                  Hex/Air        0%         N/A       98%         5
 Summon Forest            Summ/Tloc      0%         N/A       98%         5
 Dispersal                Tloc           0%         N/A       100%        6
 Eringya's Noxious Bog    Tmut/Pois      0%         N/A       100%        6
 Iron Shot                Conj/Erth      0%         9d1       100%        6
 Simulacrum               Ice/Necr       0%         N/A       100%        6
 Ozocubu's Refrigeration  Ice            0%         4d7       100%        7
 Summon Hydra             Summ           0%         N/A       100%        7
 Borgnjor's Revivificati  Necr           0%         N/A       100%        8
 Disjunction              Tloc           0%         N/A       100%        8
 Ignition                 Fire           0%         3d3       100%        8
 Necromutation            Tmut/Necr      0%         N/A       100%        8
 Death's Door             Necr           0%         N/A       100%        9


Dungeon Overview and Level Annotations

Branches:
Dungeon (15/15)            Temple (1/1) D:4            Lair (5/5) D:8
 Shoals (3/4) Lair:3        Snake (4/4) Lair:2        Slime (0/5) Lair:5
    Orc (2/2) D:11            Elf (0/3) Orc:2        Vaults (0/5) D:13
 Depths (0/4) D:15          IceCv (visited)

Altars:
Ashenzari
Cheibriados
Dithmenos
Elyvilon
Fedhas
Gozag
Hepliaklqana
Kikubaaqudgha
Makhleb
Nemelex Xobeh
Okawaru
Qazlal
Ru
Sif Muna
Trog
Uskayaw
Vehumet
Wu Jian
Xom
Yredelemnul
Zin
The Shining One
Jiyva
Lugonu

Shops:
D:3 !   D:4 [   D:5 :   D:6 !   D:11 !   D:12 (   Orc:1 *   Orc:2 =!:?
Shoals:1 :   Shoals:3 :**   Snake:2 *=

Portals:
Abyss: Lair:5

Annotations:
D:4 1 runed translucent door, Crazy Yiuf


Innate Abilities, Weirdness & Mutations

You are small and have problems with some larger weapons.
You are completely attuned to the shadows.


Message History

The flame surge hits you! You resist.
Unknown command.
You shoot a bolt. The bolt hits the salamander tyrant!!
The salamander tyrant is moderately wounded.
A salamander tyrant comes into view.
The salamander tyrant gazes fiercely through you!
You feel as though you will be weak longer.
You shoot a bolt. The bolt hits the salamander tyrant!
The salamander tyrant is heavily wounded.
The salamander tyrant calls gouts of flame from the lava!
The flame surge hits you!! You resist.
Unknown command.
The salamander tyrant rends the earth beneath you!
The blast of magma engulfs you!! You partially resist.
* * * LOW HITPOINT WARNING * * *
The salamander tyrant gazes fiercely through you!
You feel as though you will be weak longer.
Okay, then.
Okay, then.
Aiming: Overgrow
Press: ? - help, Dir - move target, p - salamander tyrant The stone wall is torn apart as an oklob sapling grows in its place. x2
The stone wall is torn apart as a burning bush grows in its place.
The salamander tyrant rends the earth beneath you!
The blast of magma engulfs you!! You partially resist.
* * * LOW HITPOINT WARNING * * *
The blast of magma engulfs your oklob sapling!!
The blast of magma engulfs your oklob sapling!
The blast of magma engulfs your burning bush!
Your burning bush partially resists.
The salamander tyrant gazes fiercely through you!
You feel as though you will be weak longer.
You walk carefully through the plants.
The salamander tyrant rends the earth beneath you!
The blast of magma engulfs your burning bush!!
Your burning bush partially resists.
The blast of magma engulfs your oklob sapling!!!
The blast of magma engulfs you!!! You partially resist.
You die...
Fedhas appreciates your contribution to the ecosystem.

#########.##..##
...............#
........#.##.#'#####
#######.#.##.#..≈§§#
# #.#.##.#..≈§≈## #
#.#.##.##§.§§≈## #
#.#.##.###≈≈≈≈§## #
#.#.##.#<#P≈≈≈≈≈## #
#.#......≈@P..≈≈§## #
#.####.#.≈###NN≈§≈###
# #.# #.#..#
##..§§≈§## ##
####.####)#..#
##N§§≈≈§≈ ..
..........#..#
##N.≈≈≈≈ ##
####.#..#.#..#
#..N§≈≈
######...##....#
#..)...
.......####....#
#...§.§ # ###...#
#....#### #.....N


You could see 2 salamander tyrants, a friendly burning bush (summoned) and 2
friendly oklob saplings.

Vanquished Creatures
  Nikola (Shoals:1)
  Mlioglotl (Lair:3)
  A kraken (Shoals:3)
  Frances (D:13)
  Polyphemus (Shoals:3)
  A fire giant (D:15)
  A nagaraja (Snake:3)
  A reaper (IceCv)
  An ettin (D:12)
  A merfolk javelineer (Shoals:3)
  Josephine (Orc:2)
  3 merfolk impalers
  2 salamander tyrants
  11 centaur warriors
  3 ogre magi (D:15)
  Harold (Lair:2)
  6 hydras
  2 merfolk aquamancers (Shoals:1)
  3 catoblepae
  3 merfolk avatars
  2 tengu warriors
  2 satyrs (Shoals:2)
  17 two-headed ogres
  8 anacondas
  9 death yaks
  11 boulder beetles
  4 naga warriors
  Urug (Orc:2)
  9 shock serpents
  12 naga sharpshooters
  4 thrashing horrors (Lair:5)
  2 skysharks
  An iron troll (D:13)
  9 sea snakes
  A salamander mystic (Snake:4)
  7 naga ritualists
  A harpy (shapeshifter) (D:15)
  2 orc sorcerers
  18 mana vipers
  A wizard (D:13)
  27 harpies
  9 orc knights
  14 ugly things
  7 cyclopes
  10 manticores
  5 fauns
  13 salamanders
  37 black mambas
  A guardian serpent (shapeshifter) (D:15)
  A black mamba (shapeshifter) (D:13)
  An eye of devastation (shapeshifter) (Lair:5)
  A guardian serpent (Snake:1)
  Maurice (Orc:2)
  16 elephants
  5 merfolk sirens
  9 naga magi
  2 water nymphs
  An ice statue (IceCv)
  A torpor snail (shapeshifter) (D:15)
  2 smoke demons (Lair:5)
  2 molten gargoyles (D:15)
  10 cane toads
  2 gargoyles
  2 efreet
  An unseen horror (D:12)
  3 freezing wraiths
  An anaconda simulacrum (IceCv)
  2 ancient zymes (Lair:5)
  3 rime drakes
  2 tengu conjurers
  8 komodo dragons
  3 kobold demonologists (D:11)
  9 trolls
  A red devil (D:10)
  14 merfolk
  A tarantella (shapeshifter) (D:13)
  26 blink frogs
  3 wind drakes
  A wolf spider simulacrum (D:13)
  13 dream sheep
  12 slime creatures
  2 snapping turtles (Shoals:2)
  A centaur simulacrum (D:12)
  4 vampires
  A culicivora (shapeshifter) (D:13)
  3 wyverns
  8 wraiths
  4 ynoxinuls
  A dire elephant simulacrum (IceCv)
  2 spriggans (Lair:5)
  2 shadows
  5 water elementals
  36 yaks
  5 vampire mosquitoes
  2 fire elementals (D:15)
  2 steam dragons
  6 basilisks
  2 chaos spawn (Lair:5)
  2 death yak simulacra (IceCv)
  20 nagas
  Menkaure (D:6)
  8 wargs (Orc:2)
  Edmund (D:6)
  A harpy simulacrum (IceCv)
  3 acid dragons
  Duvessa (D:4)
  11 water moccasins
  39 orc warriors
  2 sky beasts (D:8)
  4 black bears
  7 small abominations (Lair:5)
  A boggart (D:12)
  9 wolves
  11 ogres
  13 centaurs
  A phantom (D:4)
  3 kobold brigands
  9 bullfrogs
  A gnoll sergeant (D:12)
  8 two-headed ogre simulacra (IceCv)
  A scorpion (D:7)
  12 wights
  13 killer bees
  Dowan (D:4)
  3 elephant simulacra (IceCv)
  7 howler monkeys
  3 vampire bats (D:12)
  A lava snake (D:15)
  3 jellies
  18 orc priests
  2 hounds
  3 gnoll boudas
  An iron imp (D:10)
  2 iguanas
  16 orc wizards
  5 troll simulacra (IceCv)
  6 polar bear simulacra (IceCv)
  A wolf simulacrum (IceCv)
  6 spriggan simulacra (IceCv)
  Robin (D:4)
  12 gnolls
  4 adders
  4 naga simulacra (IceCv)
  20 white imps
  9 ufetubi
  2 dart slugs
  106 orcs
  11 bats
  8 endoplasms
  A giant cockroach (D:1)
  13 goblins
  4 hobgoblins
  17 kobolds
  4 quokkas
  10 ball pythons
  2 frilled lizards (D:1)
  7 rats
  3 tentacles (Shoals:3)
1032 creatures vanquished.

Vanquished Creatures (collateral kills)
  A hydra (Lair:4)
  An orc (Orc:2)
  8 ballistomycete spores
10 creatures vanquished.

Vanquished Creatures (others)
  A centaur (D:14)
  An orc priest (Orc:1)
  A ballistomycete spore (IceCv)
  28 tentacles (Shoals:3)
31 creatures vanquished.

Grand Total: 1073 creatures vanquished

Notes
Turn   | Place    | Note
-------+----------+-------------------------------------------
     0 | D:1      | diecastcamel the Kobold Hunter began the quest for the Orb.
     0 | D:1      | Reached XP level 1. HP: 12/12 MP: 1/1
    89 | D:1      | Reached XP level 2. HP: 17/17 MP: 2/2
   154 | D:1      | Reached skill level 6 in Ranged Weapons
   421 | D:1      | Reached XP level 3. HP: 21/21 MP: 3/3
   956 | D:2      | Identified the +1 robe of Vlad {SInv Stlth+}
  1351 | D:2      | Reached skill level 7 in Ranged Weapons
  1351 | D:2      | Reached XP level 4. HP: 21/26 MP: 4/4
  1902 | D:3      | Found a sacrificial altar of Ru.
  1952 | D:3      | Found a white marble altar of Elyvilon.
  2096 | D:3      | Found a shimmering blue altar of Sif Muna.
  2308 | D:3      | Found Meuseba's Distillery.
  2460 | D:4      | Noticed an ice beast
  2508 | D:3      | Reached XP level 5. HP: 24/30 MP: 5/5
  2574 | D:4      | Found a runed translucent door.
  2577 | D:4      | Noticed Crazy Yiuf
  2708 | D:4      | Reached skill level 8 in Ranged Weapons
  2942 | D:4      | Noticed Duvessa
  2942 | D:4      | Noticed Dowan
  2944 | D:4      | Found Iteorhyu's Antique Armour Emporium.
  2966 | D:4      | Killed Dowan
  2987 | D:4      | Killed Duvessa
  2988 | D:4      | Reached skill level 9 in Ranged Weapons
  2988 | D:4      | Reached XP level 6. HP: 35/35 MP: 6/6
  3122 | D:4      | Bought a pair of gloves for 90 gold pieces
  3122 | D:4      | Bought a helmet for 90 gold pieces
  3244 | D:4      | Noticed a black bear
  3266 | D:4      | Killed a black bear
  3267 | D:4      | Reached skill level 10 in Ranged Weapons
  3267 | D:4      | Reached XP level 7. HP: 40/40 MP: 7/7
  3529 | D:4      | Found a staircase to the Ecumenical Temple.
  3535 | Temple   | Entered the Ecumenical Temple
  3672 | D:4      | Noticed Robin
  3678 | D:4      | Killed Robin
  3802 | D:4      | Found an opulent altar of Gozag.
  4235 | D:5      | Entered Level 5 of the Dungeon
  4274 | D:5      | Noticed a water moccasin
  4291 | D:5      | Killed a water moccasin
  4292 | D:5      | Reached XP level 8. HP: 37/46 MP: 8/8
  4697 | D:5      | Found Fogystro's Self-Improvement Boutique.
  5389 | D:6      | Noticed Menkaure
  5395 | D:6      | Killed Menkaure
  5396 | D:6      | Reached skill level 11 in Ranged Weapons
  5467 | D:6      | Noticed Edmund
  5485 | D:6      | Killed Edmund
  5624 | D:6      | Found Naonlod's Distillery.
  6190 | D:7      | Reached skill level 12 in Ranged Weapons
  6248 | D:7      | Reached skill level 5 in Fighting
  6248 | D:7      | Reached XP level 9. HP: 48/54 MP: 9/9
  6411 | D:7      | Reached skill level 13 in Ranged Weapons
  7194 | D:7      | Found a blossoming altar of Fedhas.
  7443 | D:7      | Became a worshipper of Fedhas Madash
  7628 | D:8      | Found a staircase to the Lair.
  7641 | D:8      | Noticed a komodo dragon
  7647 | D:8      | Killed a komodo dragon
  7648 | D:8      | Reached skill level 14 in Ranged Weapons
  7727 | D:8      | Reached XP level 10. HP: 55/63 MP: 10/10
  7790 | D:8      | Found a stormy altar of Qazlal.
  7880 | D:8      | Reached skill level 15 in Ranged Weapons
  7951 | D:8      | Found a shadowy altar of Dithmenos.
  7973 | D:8      | Got The Basics of Incantation
  8107 | D:8      | Reached * piety under Fedhas
  8611 | D:8      | Reached skill level 1 in Invocations
  9058 | D:9      | Identified the +2 arbalest "Hinwusab" {elec, Int+7}
  9070 | D:9      | Found a broken altar of Ashenzari.
  9072 | D:9      | Noticed a white ugly thing
  9086 | D:9      | Killed a white ugly thing
  9087 | D:9      | Reached skill level 5 in Dodging
  9116 | D:9      | Reached skill level 16 in Ranged Weapons
  9190 | D:9      | Found a sparkling altar of Nemelex Xobeh.
  9278 | D:9      | Noticed a two-headed ogre
  9284 | D:9      | Killed a two-headed ogre
  9563 | D:9      | Reached XP level 11. HP: 69/69 MP: 13/13
  9735 | Lair:1   | Entered Level 1 of the Lair of Beasts
  9791 | Lair:1   | Reached ** piety under Fedhas
 10240 | Lair:1   | Reached skill level 17 in Ranged Weapons
 11112 | Lair:2   | Noticed an elephant
 11115 | Lair:2   | Noticed an elephant
 11115 | Lair:2   | Noticed an elephant
 11116 | Lair:2   | Noticed an elephant
 11117 | Lair:2   | Noticed an elephant
 11123 | Lair:2   | Killed an elephant
 11124 | Lair:2   | Reached skill level 1 in Armour
 11127 | Lair:2   | Killed an elephant
 11336 | Lair:2   | Killed an elephant
 11636 | Lair:2   | Killed an elephant
 11637 | Lair:2   | Reached skill level 18 in Ranged Weapons
 11764 | Lair:2   | Found a staircase to the Snake Pit.
 11836 | Lair:2   | Reached XP level 12. HP: 77/77 MP: 15/15
 12008 | Lair:2   | Reached skill level 10 in Fighting
 12339 | Lair:2   | Noticed Harold
 12463 | Lair:2   | Killed Harold
 12464 | Lair:2   | Reached skill level 5 in Invocations
 12845 | Lair:3   | Reached *** piety under Fedhas
 12862 | Lair:3   | Found a frozen archway.
 12895 | IceCv    | Entered an ice cave
 13083 | IceCv    | Reached **** piety under Fedhas
 13279 | IceCv    | Identified the +3 ring mail of Skepticism {Dex+2}
 13766 | IceCv    | Noticed a reaper
 13827 | IceCv    | Killed a reaper
 14093 | IceCv    | Identified the +1 hand axe "Vouwya" {protect, rN+ Int+3
                  | Dex+4}
 14187 | Lair:3   | Noticed an eight-headed hydra
 14201 | Lair:3   | Killed an eight-headed hydra
 14467 | Lair:3   | Reached skill level 5 in Stealth
 14605 | Lair:3   | Reached XP level 13. HP: 84/84 MP: 17/17
 14653 | Lair:3   | Found a staircase to the Shoals.
 14835 | Lair:3   | Reached skill level 10 in Dodging
 15802 | Lair:4   | Noticed a five-headed hydra
 15822 | Lair:4   | Killed a five-headed hydra
 15984 | Lair:4   | Noticed an eight-headed hydra
 15990 | Lair:4   | Killed an eight-headed hydra
 16222 | Lair:4   | Identified the +8 mace of Bufunob {holy, Dex+8}
 16680 | Lair:5   | Entered Level 5 of the Lair of Beasts
 16767 | Lair:5   | Reached ***** piety under Fedhas
 17032 | Lair:5   | Reached XP level 14. HP: 87/92 MP: 20/20
 17272 | Lair:5   | Reached skill level 10 in Stealth
 18256 | Lair:5   | Found a staircase to the Slime Pits.
 18256 | Lair:5   | Found a viscous altar of Jiyva.
 18746 | Lair:5   | Identified the ring of the Failed Coup {rElec rC+ SInv}
 18938 | Lair:5   | Reached ****** piety under Fedhas
 18951 | Lair:5   | Found a corrupted altar of Lugonu.
 18954 | Lair:5   | Found a one-way gate to the infinite horrors of the Abyss.
 19208 | D:10     | Entered Level 10 of the Dungeon
 19226 | D:10     | Reached skill level 19 in Ranged Weapons
 19701 | D:10     | Found a snail-covered altar of Cheibriados.
 19809 | D:10     | Reached XP level 15. HP: 92/100 MP: 21/21
 19843 | D:10     | Found a hazy altar of Hepliaklqana.
 20506 | D:11     | Found a staircase to the Orcish Mines.
 20740 | D:11     | Found Laxt's Distillery.
 20745 | D:11     | Bought a potion of resistance for 110 gold pieces
 20745 | D:11     | Bought a potion of haste for 110 gold pieces
 21359 | Orc:1    | Entered Level 1 of the Orcish Mines
 21359 | Orc:1    | Found Icvauhow's Overcharged Wands.
 22212 | Orc:2    | Entered Level 2 of the Orcish Mines
 22251 | Orc:2    | Noticed Urug
 22263 | Orc:1    | HP: 4/101 [poisoned by Urug]
 22523 | Orc:2    | Killed Urug
 22702 | Orc:2    | Found a staircase to the Elven Halls.
 23194 | Orc:2    | Noticed Josephine
 23201 | Orc:2    | Killed Josephine
 23202 | Orc:2    | Reached skill level 5 in Armour
 23465 | Orc:2    | Found Meq Mavi's Book Emporium.
 23474 | Orc:2    | Found Inwiril's Magic Scroll Shop.
 23584 | Orc:2    | Noticed Maurice
 23592 | Orc:2    | Killed Maurice
 23755 | Orc:2    | Found Peezad's Jewellery Emporium.
 23764 | Orc:2    | Found Gyim's Distillery.
 23874 | Orc:2    | Bought a scroll of teleportation for 45 gold pieces
 23874 | Orc:2    | Bought a scroll of teleportation for 45 gold pieces
 23874 | Orc:2    | Bought a scroll of teleportation for 45 gold pieces
 23874 | Orc:2    | Bought a scroll of identify for 30 gold pieces
 23874 | Orc:2    | Bought a scroll of identify for 30 gold pieces
 23908 | Orc:2    | Bought an amulet of reflection for 390 gold pieces
 24005 | D:12     | Found Sietwair's Antique Weapon Shoppe.
 24011 | D:12     | Bought a runed shortbow for 198 gold pieces
 24074 | D:12     | Found the +0 toga "Victory" {*Victory Clar}
 24223 | D:12     | Reached skill level 10 in Invocations
 24303 | D:12     | Reached skill level 15 in Fighting
 25149 | D:12     | Reached skill level 20 in Ranged Weapons
 25230 | D:12     | Reached XP level 16. HP: 97/108 MP: 23/23
 25597 | D:13     | Reached skill level 15 in Dodging
 26018 | D:13     | Found the +8 arc blade {discharge, rElec}
 26090 | D:13     | Got Lidgh's Cyclopedia of the Mercurial Tesseract
 26408 | Shoals:1 | Entered Level 1 of the Shoals
 26410 | Shoals:1 | Noticed Mlioglotl
 26582 | Lair:3   | Killed Mlioglotl
 27695 | Shoals:1 | Found Baustrahe's Book Shoppe.
 27783 | Shoals:1 | Noticed Nikola
 27801 | Shoals:1 | Killed Nikola
 27802 | Shoals:1 | Reached XP level 17. HP: 109/115 MP: 23/25
 28051 | Shoals:1 | Reached skill level 21 in Ranged Weapons
 28710 | Shoals:3 | Noticed a kraken
 28748 | Shoals:3 | Killed a kraken
 28827 | Shoals:3 | Noticed Polyphemus
 28838 | Shoals:3 | Killed Polyphemus
 29245 | Shoals:3 | Found Neorotra's Mayhem Merchandise.
 29260 | Shoals:3 | Found Pitiog's Book Shop.
 29710 | Shoals:3 | Found Nezuol's General Store.
 30230 | Snake:1  | Entered Level 1 of the Snake Pit
 30392 | Snake:1  | Reached skill level 22 in Ranged Weapons
 30974 | Snake:1  | Reached XP level 18. HP: 124/124 MP: 27/27
 31953 | Snake:2  | Found Luatteg's Jewellery Shoppe.
 32620 | Snake:2  | Found Qufuhoum's CLEARANCE SALE!.
 32623 | Snake:2  | Bought 2 potions of haste for 40 gold pieces
 32623 | Snake:2  | Bought a potion of resistance for 20 gold pieces
 33222 | Snake:3  | Found an opulent altar of Gozag.
 33594 | Snake:3  | Identified the +1 leather armour of Spite {rF+ Str+6 Dex+3}
 34468 | D:13     | Found a gate to the Vaults.
 34855 | D:13     | Noticed Frances
 34882 | D:13     | Killed Frances
 35326 | D:14     | Reached skill level 23 in Ranged Weapons
 36107 | D:15     | Entered Level 15 of the Dungeon
 36300 | D:15     | Reached XP level 19. HP: 131/131 MP: 28/28
 36594 | D:15     | Found a staircase to the Depths.
 37486 | Snake:4  | Entered Level 4 of the Snake Pit
 38351 | Snake:4  | Killed from afar by a salamander tyrant

Illustrated notes

Levels and vault maps discovered:
D:1:      evilmike_arrival_hilbert_curve, layout_basic
D:2:      layout_loops_ring
D:3:      layout_rooms, old_standard_altar, elyvilon_altar_3,
          mainiacjoe_overflow_tiny_flanked, serial_shops, shop
D:4:      layout_basic, nicolae_gozag_seed_capital,
          minmay_temple_entry_antechambers, nicolae_inconvenience_store,
          uniq_crazy_yiuf_cottage, uniq_duvessa, uniq_robin
D:5:      layout_loops_ring, serial_bayou_pond_e, nicolae_shop_self_help
D:6:      layout_loops_cross, serial_shops, shop, nicolae_zen_rock_garden,
          uniq_menkaure, uniq_edmund
D:7:      layout_cave_pods, kennysheep_little_box
D:8:      layout_loops_corners, nicolae_qazlal_beasts_of_the_sky,
          mainiacjoe_overflow_paths, david_lair_shrubbed
D:9:      layout_roguey, mainiacjoe_overflow_catwalk_spiral
D:10:     layout_loops_ring, marbit_many_paths, slow_altar_1, serial_demonic,
          serial_demonic_a, serial_demonic_g, serial_demonic_c,
          serial_demonic_f, minmay_misc_feat_tower, eino_tiny_chamber,
          minivault_26
D:11:     layout_cave_pods, hiddenorc2_lemuel, serial_shops, shop
D:12:     wad_statue_garden, layout_basic, serial_shops, shop, roderic_batcave
D:13:     minmay_the_grid_octo_tiled_octocenter
          [minmay_the_grid_octo_concentric, minmay_the_grid_octo_thin_diamonds,
          minmay_the_grid_octo_fat_diamond, minmay_the_grid_octo_chip,
          minmay_the_grid_octo_prize_square_snowflake,
          minmay_the_grid_square_5x5_tetrominoes,
          minmay_the_grid_square_5x5_inset, minmay_the_grid_square_5x5_moneybag,
          minmay_the_grid_square_5x5_z], layout_cave_pools, david_vaults_4,
          serial_co_window_serial, co_window_paths_b, co_window_corner_a,
          co_window_corner_a, co_window_paths_a, co_window_of_opportunity_a,
          co_window_of_opportunity_a, co_window_paths_b, co_window_paths_a,
          co_window_corner_a, co_window_unsneaky_path_b, co_window_corner_b,
          co_window_paths_c, co_window_paths_e, glass_columns_b,
          glass_columns_a, glass_columns_a, glass_columns_a, uniq_frances
D:14:     layout_gridville, minmay_misc_feat_alley
D:15:     grunt_enter_depths_giant_problem, layout_basic,
          kennysheep_pointless_box
Temple:   minmay_freezing_vapour_temple
Lair:1:   layout_roguey
Lair:2:   layout_chaotic_city, guppyfry_snake_entry_garden, uniq_harold
Lair:3:   layout_layer_cave, elwin_shoals_entry_stream,
          portal_ice_cave_entry_imps, infiniplex_staircase_pool_2
Lair:4:   layout_regular_city
Lair:5:   hellmonk_lair_end_abyssal_woods, layout_gridlike,
          minmay_slime_entry_pillars, pond, lemuel_fruit_tree,
          grunt_megastairs_4, lemuel_fruit_fields, infiniplex_staircase_pool
Shoals:1: layout_shoals, serial_shops, shop, uniq_nikola, uniq_mlioglotl
Shoals:2: layout_shoals, nicolae_shoals_lost_giant_temple
Shoals:3: layout_shoals, serial_shops, nicolae_shop_stone,
          nicolae_shop_window_shopping, minmay_shop_mayhem, uniq_polyphemus
Snake:1:  layout_gridlike, nicolae_snake_salamander_stairs
Snake:2:  layout_honeycomb, nicolae_stop_n_shop_1, nicolae_shop_clearance
Snake:3:  layout_rooms, basic_altar, nicolae_snake_slithery_corners
Snake:4:  snake_pit_salamanders_mu, layout_basic, serial_shops, shop
Orc:1:    layout_caves, nicolae_shop_overcharged_wands
Orc:2:    st_orc_town, layout_diamond_mine, uniq_maurice, uniq_josephine,
          uniq_urug

Skill      XL: |  1  2  3  4  5  6  7  8  9 10 11 12 13 14 15 16 17 18 19 |
---------------+----------------------------------------------------------+-----
Ranged Weapons | 6 7 9 10 12 14 16 18 19 20 22 23 | 23.7
Dodging        | 3 4 5 7 9 11 13 14 16 17 18 19 | 19.3
Stealth        | 3 4 5 9 10 | 10.0
Fighting       | 3 5 7 8 9 11 12 14 15 16 17 18 | 18.9
Invocations    | 3 4 6 8 10 11 12 13 | 13.0
Armour         | 1 4 5 6 |  6.2

Action                     |  1- 3 |  4- 6 |  7- 9 | 10-12 | 13-15 | 16-18 | 19-21 || total
---------------------------+-------+-------+-------+-------+-------+-------+-------++-------
   Fire: Shortbow          |    84 |   128 |    82 |    70 |       |       |       ||   364
         Arbalest          |       |       |   142 |   431 |  1075 |  1000 |   223 ||  2871
  Throw: Dart              |       |     2 |     2 |       |       |       |       ||     4
 Invoke: Wall of Briars    |       |       |       |     4 |     4 |     3 |       ||    11
         Grow Ballistomyce |       |       |       |     1 |     1 |     3 |       ||     5
         Overgrow          |       |       |       |       |       |       |     1 ||     1
  Evoke: Wand              |       |       |       |     7 |     8 |     2 |       ||    17
         Phial of floods   |       |       |       |       |       |     1 |       ||     1
    Use: Scroll            |     3 |     4 |     6 |     9 |     9 |     9 |       ||    40
         Potion            |       |       |     1 |     1 |     1 |     1 |       ||     4
 Armour: Leather armour    |     3 |       |       |       |       |       |       ||     3
         Robe              |     4 |     3 |    20 |    21 |    72 |   164 |    13 ||   297
         Ring mail         |       |       |    13 |    49 |    28 |       |       ||    90
  Dodge: Dodged            |    34 |    18 |    91 |   281 |   707 |   804 |    99 ||  2034
  Block: Other             |       |       |       |       |    16 |   167 |    22 ||   205
         Reflection        |       |       |       |       |     3 |    13 |     5 ||    21
